 Dungeon Crawl Stone Soup version 0.21-a0-472-g223bcb9 (webtiles) character file.

364 slep the Slasher (level 6, -4/55 HPs)
             Began as a Minotaur Monk on Nov 22, 2017.
             Killed by divine providence
             ... invoked by an orc priest
              (9 damage)
             ... on level 5 of the Dungeon.
             The game lasted 00:09:18 (1785 turns).

slep the Slasher (Minotaur Monk)                    Turns: 1785, Time: 00:09:19

Health: -4/55      AC: 11    Str: 16    XL:     6   Next: 39%
Magic:  5/5        EV:  7    Int:  7    God:
Gold:   59         SH:  3    Dex: 14    Spells: 5/5 levels left

rFire    . . .     SeeInvis .   k - -2 trident (curse)
rCold    . . .     Gourm    .   m - +0 buckler
rNeg     . . .     Faith    .   f - +0 chain mail
rPois    .         Spirit   .   (helmet restricted)
rElec    .         Reflect  .   s - +0 cloak
rCorr    .         Harm     .   i - +0 pair of gloves
MR       .....                  o - +0 pair of boots (curse)
Stlth    ..........             (no amulet)
HPRegen  0.18/turn              (no ring)
MPRegen  0.09/turn              (no ring)

@: drained
A: retaliatory headbutt, horns 2
a: no special abilities


You were on level 5 of the Dungeon.
You were not hungry.

You visited 1 branch of the dungeon, and saw 5 of its levels.

You collected 59 gold pieces.

Inventory:

Hand Weapons
 a - a +0 falchion
 k - a cursed -2 trident (weapon)
Missiles
 l - 4 tomahawks (quivered)
 t - a throwing net
Armour
 b - a +0 robe
 f - a +0 chain mail (worn)
 i - a +0 pair of gloves (worn)
 m - a +0 buckler (worn)
 o - a cursed +0 pair of boots (worn)
 s - a +0 cloak (worn)
Wands
 d - a wand of digging (2)
Scrolls
 e - a scroll of teleportation {unknown}
 q - a scroll of immolation {unknown}
 r - a scroll of remove curse {unknown}
Potions
 g - a potion of haste
 j - a potion of flight {unknown}
 n - a potion of magic {unknown}
Comestibles
 c - a bread ration
 h - a meat ration
 p - a royal jelly


   Skills:
 + Level 4.9(4.0) Fighting
 + Level 5.6(4.6) Long Blades
 + Level 3.1(2.1) Polearms
 + Level 2.6(1.7) Armour
 + Level 4.2(3.2) Dodging
 + Level 1.9(1.0) Stealth
 + Level 0.7(0.0) Shields


You had 5 spell levels left.
You didn't know any spells.

Dungeon Overview and Level Annotations

Branches:
Dungeon (5/15)
 Temple: D:4-7

Altars:

Annotations:
D:4 Edmund


Innate Abilities, Weirdness & Mutations

You reflexively headbutt those who attack you in melee.
You have a pair of horns on your head.


Message History

The orc priest invokes the aid of Beogh against you.
Beogh smites you!
* * * LOW HITPOINT WARNING * * *
The orc priest miscasts a cantrip.
You don't know any spells.
Aiming: Dig (will waste charges)
Press: ? - help, Shift-Dir - straight line, f - you Sorry, you can't target yourself.
Okay, then.
You can't go down here!
Aiming: Dig (will waste charges)
Press: ? - help, Shift-Dir - straight line, f - you Sorry, you can't target yourself.
Okay, then.
Aiming: Dig (will waste charges)
Press: ? - help, Shift-Dir - straight line The rock shatters into small pieces.
The orc priest calls down the wrath of Beogh upon you.
Beogh smites you!
You die...

.# ### .# ..# #.#
##.#.#[# o.#. .# #
#). .#
..#.#.#.###†######
.......ooo@.......
..####.###########
... ..... #.#.###
# #. . .


You could see 2 orc priests and an orc.

Vanquished Creatures
  A howler monkey (D:4)
  2 hounds (D:4)
  An orc priest (D:3)
  A centaur skeleton (D:4)
  An orc wizard (D:3)
  A worker ant (D:4)
  Natasha (D:3)
  6 adders
  An ooze (D:3)
  An adder skeleton (D:4)
  3 worms (D:4)
  2 dart slugs (D:1)
  3 leopard geckos (D:3)
  10 orcs
  3 giant cockroaches
  3 goblins
  3 hobgoblins
  3 bats
  2 frilled lizards
  2 kobolds (D:3)
  A leopard gecko skeleton (D:4)
  2 rats (D:3)
53 creatures vanquished.

Notes
Turn   | Place    | Note
-------+----------+-------------------------------------------
     0 | D:1      | slep the Minotaur Monk began the quest for the Orb.
     0 | D:1      | Reached XP level 1. HP: 19/19 MP: 0/0
   141 | D:1      | Reached skill level 4 in Long Blades
   141 | D:1      | Reached XP level 2. HP: 27/27 MP: 1/1
   196 | D:3      | HP: 1/27 [leopard gecko (3)]
   202 | D:3      | Reached XP level 3. HP: 8/33 MP: 2/2
   626 | D:3      | Reached XP level 4. HP: 37/41 MP: 3/3
   654 | D:3      | Reached skill level 5 in Long Blades
   808 | D:3      | Noticed Natasha
   824 | D:3      | Killed Natasha
   824 | D:3      | Reached skill level 1 in Armour
   872 | D:3      | Reached XP level 5. HP: 20/47 MP: 4/4
  1281 | D:4      | Reached skill level 1 in Polearms
  1438 | D:4      | Reached XP level 6. HP: 53/55 MP: 5/5
  1709 | D:4      | Noticed Edmund
  1766 | D:5      | Entered Level 5 of the Dungeon
  1785 | D:5      | Killed from afar by an orc priest

Vault maps used:
D:1:      dpeg_arrival_refuge
D:2:      first_bread, uniq_sigmund
D:3:      lemuel_crystal_altar, uniq_natasha
D:4:      kennysheep_generic_room_5, uniq_edmund
D:5:      amethyst_overflow_temple_binary, basic_altar, serial_shops, shop,
          nicolae_shop_crystal, uniq_menkaure

Skill      XL: |  1  2  3  4  5  6 |
---------------+-------------------+-----
Long Blades    | 4 5 |  5.6
Fighting       | 4 |  4.9
Dodging        | 4 |  4.2
Armour         | 1 2 |  2.6
Polearms       | 2 3 |  3.1
Stealth        | |  1.9
Shields        | |  0.7

Action                   |  1- 3 |  4- 6 || total
-------------------------+-------+-------++-------
Melee: Falchion          |    51 |     5 ||    56
       Headbutt          |    10 |    32 ||    42
       Trident           |       |   138 ||   138
Evoke: Wand              |       |     1 ||     1
  Use: Potion            |     1 |       ||     1
       Scroll            |       |     1 ||     1
 Stab: Sleeping          |     1 |       ||     1
  Eat: Chunk             |       |     3 ||     3
Armor: Chain mail        |    44 |    88 ||   132
Dodge: Dodged            |    38 |    57 ||    95
Block: Buckler           |       |    15 ||    15
       Rpst.: Falchion   |     6 |       ||     6

Table legend:
 A = Spawn XP
 B = Non-spawn XP
 C = Spawn XP percentage of total XP
 D = Spawn monster count
 E = Non-spawn monster count
 F = Spawn count percentage of total count
 G = Total turns spent on level
                    A         B        C        D         E        F      G
               +---------+---------+-------+---------+---------+-------+---------
         Total |       0 |     521 |   0.0 |       0 |      53 |   0.0 |  1785
               +---------+---------+-------+---------+---------+-------+---------
           D:1 |       0 |      18 |   0.0 |       0 |       8 |   0.0 |   180
           D:3 |       0 |     197 |   0.0 |       0 |      23 |   0.0 |  1016
           D:4 |       0 |     290 |   0.0 |       0 |      20 |   0.0 |   558
           D:5 |       0 |      16 |   0.0 |       0 |       2 |   0.0 |    19
               +---------+---------+-------+---------+---------+-------+---------
